 Dungeon Crawl Stone Soup version 0.28.0-47-ge53b351184 (webtiles) character file.

Game seed: 5021955300442954227

80 pkoi the Conjurer (level 3, 0/26 HPs)
             Began as a Demigod Conjurer on May 4, 2022.
             Slain by Blork the orc
             ... wielding a +2 flail of holy wrath
              (5 damage)
             ... on level 4 of the Dungeon.
             The game lasted 00:03:15 (4099 turns).

pkoi the Conjurer (Demigod Conjurer)                Turns: 4099, Time: 00:03:15

Health: 0/26       AC: 11    Str:  8    XL:     3   Next: 98%
Magic:  0/9        EV: 12    Int: 24    God:
Gold:   191        SH:  0    Dex: 12    Spells: 3/6 levels left

rFire   . . .      SeeInvis .   j - +2 short sword (protect)
rCold   . . .      Faith    .   (no shield)
rNeg    . . .      Spirit   .   a - +0 robe
rPois   .          Reflect  .   (no helmet)
rElec   .          Harm     .   n - +0 cloak
rCorr   .          Rampage  .   (no gloves)
Will    .....                   i - +0 pair of boots
Stlth   ++........              (no amulet)
HPRegen 0.08/turn               (no ring)
MPRegen 0.11/turn               (no ring)

@: under a protective aura
A: high MP 1, forlorn, divine attributes
a: no special abilities


You were on level 4 of the Dungeon.
You visited 1 branch of the dungeon, and saw 4 of its levels.

You collected 191 gold pieces.

Inventory:

Hand Weapons
 f - a +0 hand axe
 g - a +0 short sword
 j - a +2 short sword of protection (weapon)
Armour
 a - a +0 robe (worn)
 i - a +0 pair of boots (worn)
 n - a +0 cloak (worn)
Scrolls
 l - a scroll of blinking
Potions
 b - a potion of resistance {unknown}
 c - a potion of curing {unknown}
 d - a potion of haste {unknown}
 h - a potion of lignification {unknown}
 o - a potion of invisibility {unknown}
 r - a potion of flight {unknown}


   Skills:
 - Level 1.7 Dodging
 - Level 1.7 Stealth
 + Level 2.2 Spellcasting
 * Level 4.8 Conjurations
 + Level 0.5 Hexes
 + Level 0.5 Translocations


You had 3 spell levels left.
You knew the following spells:

 Your Spells              Type           Power      Damage    Failure   Level
a - Magic Dart            Conj           100%       1d8       1%          1
b - Searing Ray           Conj           50%        2d6       2%          2

Your spell library contained the following spells:

 Spells                   Type           Power      Damage    Failure   Level
 Dazzling Flash           Conj/Hex       30%        N/A       12%         3
 Corpse Rot               Necr/Air       4%         N/A       19%         2
 Poisonous Vapours        Pois/Air       4%         N/A       19%         2
 Fulminant Prism          Conj/Hex       7%         3d7       36%         4
 Iskenderun's Mystic Bla  Conj/Tloc      15%        2d5       36%         4


Dungeon Overview and Level Annotations

Branches:
Dungeon (4/15)
 Temple: D:4-7

Annotations:
D:4 Blork the orc


Innate Abilities, Weirdness & Mutations

You have an increased reservoir of magic. (+10% MP)
You shall have no god before yourself.
Your divine heritage dramatically boosts your attributes as you level up.


Message History

The searing ray hits Blork the orc.
Blork the orc is moderately wounded. (Press . to maintain the ray.)
The searing ray hits Blork the orc.
Blork the orc is moderately wounded.
The searing ray hits Blork the orc.
Blork the orc is moderately wounded.
The searing ray hits Blork the orc.
Blork the orc is heavily wounded.
You finish channelling your searing ray.
Casting: Searing Ray (safe; 2% risk of failure)
Confirm with . or Enter, or press ? or * to list all spells.
Aiming: Searing Ray (safe; 2% risk of failure)
Press: ? - help, Shift-Dir - straight line, f/p - Blork the orc
Aim: Blork the orc, wielding a +2 flail of holy wrath and wearing a +0 robe (heavily wounded, 82% to hit)
The searing ray misses Blork the orc. (Press . to maintain the ray.) Blork the orc gestures at you while chanting.
The puff of flame hits you!
* * * LOW HITPOINT WARNING * * *
The searing ray hits Blork the orc!
Blork the orc is severely wounded.
Blork the orc completely misses you.
Unknown command.
You closely miss Blork the orc.
Blork the orc is severely wounded.
Blork the orc barely misses you.
You hit Blork the orc but do no damage.
Your weapon exudes an aura of protection.
Blork the orc is severely wounded.
Blork the orc casts a spell at you. The puff of flame hits you!
* * * LOW HITPOINT WARNING * * *
Aiming: Magic Dart (safe; 1% risk of failure)
Press: ? - help, Q - select action, (/) - cycle Shift-Dir - straight line, f/p - Blork the orc
Aim: Blork the orc, wielding a +2 flail of holy wrath and wearing a +0 robe (severely wounded, 100% to hit)
The magic dart hits Blork the orc.
Blork the orc is almost dead.
Blork the orc hits you with a +2 flail of holy wrath.
You die...

####### .
##.....#...
##..........
#...@.......
#...o.......
#..!.....(..
#...........
#...........
#...........
............
#..........##


You could see Blork the orc.

Vanquished Creatures
  An adder (D:2)
  2 dart slugs
  3 orcs (D:3)
  2 ball pythons (D:1)
  6 bats
  10 endoplasms
  4 giant cockroaches
  7 goblins
  7 hobgoblins
  4 kobolds
  2 quokkas
  3 frilled lizards
  6 rats
57 creatures vanquished.

Notes
Turn   | Place    | Note
-------+----------+-------------------------------------------
     0 | D:1      | pkoi the Demigod Conjurer began the quest for the Orb.
     0 | D:1      | Reached XP level 1. HP: 14/14 MP: 5/5
     2 | D:1      | Noticed an elf
     2 | D:1      | Noticed a minotaur
     4 | D:1      | Noticed a vine stalker
     4 | D:1      | Noticed a draconian
     6 | D:1      | Noticed a gargoyle
     8 | D:1      | Noticed a troll
     8 | D:1      | Noticed a felid
    10 | D:1      | Noticed a ghoul
    12 | D:1      | Noticed a spriggan
    12 | D:1      | Noticed a vampire
    14 | D:1      | Noticed an ogre
    16 | D:1      | Noticed a tengu
    16 | D:1      | Noticed a demonspawn
    18 | D:1      | Noticed a demigod
    20 | D:1      | Noticed a dwarf
    22 | D:1      | Noticed an octopode
    22 | D:1      | Noticed a formicid
    24 | D:1      | Noticed a naga
    24 | D:1      | Noticed a human
    26 | D:1      | Noticed a merfolk
   302 | D:1      | Reached skill level 4 in Conjurations
   604 | D:1      | Reached XP level 2. HP: 20/20 MP: 2/7
   608 | D:1      | Learned a level 2 spell: Searing Ray
  1729 | D:2      | Reached XP level 3. HP: 26/26 MP: 1/8
  4088 | D:4      | Noticed Blork the orc
  4099 | D:4      | Slain by Blork the orc

Illustrated notes

Levels and vault maps discovered:
D:1:      kb_arrival_jail, layout_basic, shapermc_ecumenical_altar_ellora
D:2:      layout_loops_corners
D:3:      layout_basic, minmay_starry_boxes
D:4:      layout_rooms, ashenzari_conservatory_becter, uniq_blork_the_orc

Skill      XL: |  1  2 |
---------------+-------+-----
Conjurations   | 4 |  4.8
Spellcasting   | 2 |  2.2
Dodging        | |  1.7
Stealth        | |  1.7
Hexes          | |  0.5
Translocations | |  0.5

Action                   || total
-------------------------++-------
Melee: Short sword       ||     7
 Cast: Magic Dart        ||   124
       Searing Ray       ||     4
  Use: Scroll            ||     4
Armor: Robe              ||     5
Dodge: Dodged            ||    14
